Map: 세라스 폐허

Players

Pouilleux

  • Race: Zerg Zerg

TOP - Winner!

  • Race: Terran Terran

Event: Gauntlet LotV Series 1 Qualifier 1

VOD

Have the link to the VOD?

Description

Time

  • Played on: Nov. 22, 2015, 3:24 p.m.
  • Length: 15:58

All games in this series

Show
View Real Time Build Order
Export as new Build Order

Pouilleux Zerg 

Build Orders: Hatch First 

Get SALT Encoding   

  12  0:01  Drone  
  13  0:13  Overlord  
  13  0:17  Drone  
  14  0:31  Drone x2  
  14  0:35  Drone  
  17  0:53  Hatchery  
  17  0:56  Drone  
  17  0:59  Drone  
  18  1:04  Extractor  
  17  1:15  Spawning Pool  
  16  1:20  Drone  
  16  1:21  Drone  
  18  1:31  Drone  
  19  1:39  Overlord  
  19  1:50  Drone  
  20  2:02  Queen  
  20  2:03  Zergling x2  
  20  2:06  Queen  
  20  2:07  Zergling x2  
  26  2:10  Metabolic Boost  
  26  2:14  Drone  
  27  2:16  Drone  
  27  2:22  Drone  
  29  2:31  Drone  
  29  2:34  Drone  
  31  2:40  Overlord  
  31  2:42  Queen  
  32  2:47  Drone  
  32  2:49  Drone  
  34  3:00  Drone x2  
  36  3:06  Zergling x2  
  37  3:13  Zergling x4  
  37  3:14  Zergling x4  
  37  3:17  Hatchery  
  37  3:18  Zergling x2  
  41  3:20  Zergling x2  
  41  3:23  Drone  
  41  3:25  Overlord  
  43  3:28  Drone  
  44  3:39  Overlord  
  44  3:43  Roach Warren, Drone  
  44  3:45  Drone x2, Extractor  
  44  3:48  Drone  
  46  3:49  Drone  
  43  3:56  Drone x3  
  43  4:01  Drone x2  
  47  4:05  Overlord  
  46  4:12  Drone  
  44  4:20  Spore Crawler, Drone x2  
  44  4:21  Drone, Spore Crawler  
  44  4:23  Roach x2  
  49  4:29  Lair  
  49  4:32  Drone x2  
  49  4:37  Roach x2  
  55  4:40  Roach  
  57  4:47  Roach  
  57  4:48  Drone x3  
  62  4:54  Drone x4  
  66  5:03  Roach x2  
  66  5:04  Drone  
  66  5:05  Drone, Spore Crawler  
  71  5:10  Drone, Extractor  
  71  5:11  Drone x2, Extractor  
  71  5:13  Roach  
  74  5:17  Spore Crawler  
  71  5:23  Roach  
  71  5:29  Queen  
  71  5:33  Queen x2  
  73  5:37  Drone  
  73  5:38  Drone x3  
  73  5:40  Drone x3  
  74  5:46  Drone x2  
  74  6:02  Overlord x2  
  74  6:06  Overlord, Spire  
  74  6:11  Queen  
  73  6:14  Drone  
  73  6:15  Overlord x2  
  73  6:16  Queen  
  73  6:20  Drone x6  
  73  6:24  Drone  
  79  6:27  Drone x3  
  79  6:30  Overlord  
  79  6:33  Drone  
  79  6:35  Drone  
  81  6:40  Extractor  
  81  6:42  Drone x2  
  77  6:56  Drone x2  
  77  6:57  Drone x2  
  77  6:58  Overseer  
  81  7:17  Mutalisk  
  81  7:18  Mutalisk x7  
  97  7:24  Drone x5  
  97  7:25  Drone x2, Extractor  
  103  7:31  Overlord  
  103  7:37  Roach x4  
  109  7:45  Hatchery  
  108  8:00  Roach x6  
  108  8:01  Roach x4  
  108  8:02  Overlord  
  128  8:07  Overlord x2  
  128  8:08  Mutalisk  
  128  8:11  Overlord  
  128  8:12  Overlord x2  
  130  8:30  Mutalisk  
  130  8:31  Roach x4  
  130  8:32  Roach x2  
  142  8:35  Queen  
  141  8:50  Roach  
  141  8:51  Roach x9  
  161  8:58  Roach x2  
  161  9:01  Roach x3  
  171  9:03  Ravager  
  171  9:04  Ravager x3  
  171  9:07  Overlord x4  
  175  9:13  Ravager  
  175  9:14  Ravager  
  175  9:16  Zergling x4  
  175  9:17  Zergling x6  
  181  9:19  Glial Reconstitution  
  181  9:23  Roach  
  184  9:25  Ravager  
  184  9:27  Overlord  
  184  9:28  Overlord x2  
  185  9:40  Ravager x2  
  185  9:43  Roach x3  
  193  9:49  Overseer  
  193  9:55  Roach x3  
  176  10:14  Roach  
  176  10:15  Roach x8  
  145  10:31  Roach x13  
  145  10:33  Roach  
  145  10:35  Roach  
  150  10:36  Zergling x6  
  150  10:37  Zergling x12  
  148  10:49  Roach x5  
  138  10:57  Extractor x2  
  114  11:05  Roach x3  
  114  11:06  Roach x4  
  114  11:10  Roach x2  
  127  11:13  Hatchery  
  124  11:23  Ravager  
  124  11:24  Ravager  
  125  11:28  Roach x3  
  125  11:30  Overlord  
  130  11:42  Roach x2  
  130  11:43  Roach x5  
  144  11:52  Overseer  
  144  11:53  Roach  
  144  11:54  Roach x2  
  150  11:58  Ravager  
  154  12:15  Roach x2  
  154  12:16  Roach x5  
  153  12:41  Roach  
  153  12:42  Roach x11  
  173  12:49  Queen  
  173  12:50  Drone  
  176  12:52  Hatchery  
  176  12:53  Ravager  
  176  12:54  Ravager x3  
  177  13:02  Roach  
  177  13:03  Roach x2  
  177  13:16  Ravager  
  177  13:17  Ravager  
  177  13:19  Zergling x8  
  182  13:20  Zergling x2  
  182  13:24  Drone x2  
  182  13:25  Drone x3  
  187  13:34  Queen  
  187  13:37  Ravager x3  
  187  13:39  Roach x3  
  198  13:47  Roach  
  165  14:11  Roach  
  165  14:12  Roach x13  
  186  14:28  Roach x4  
  144  14:35  Roach x2  
  105  14:47  Drone x2  
  107  14:53  Roach x2, Extractor  
  107  14:54  Drone  
  107  14:55  Drone  
  99  15:21  Roach x3  
  99  15:27  Drone x7  
  99  15:28  Drone, Spawning Pool  
  110  15:32  Extractor  
Show
View Real Time Build Order
Export as new Build Order

TOP Terran - Winner!

Build Orders: Reaper Expand, Hellion Banshee, MMM Bio 

Get SALT Encoding   

  12  0:01  SCV  
  13  0:13  SCV  
  14  0:18  Supply Depot  
  14  0:25  SCV  
  15  0:40  SCV  
  15  0:42  Barracks  
  16  0:45  Refinery  
  16  0:52  SCV  
  17  1:04  SCV  
  18  1:16  SCV  
  19  1:29  Reaper, Orbital Command  
  20  1:44  Command Center  
  20  1:52  Supply Depot  
  20  1:55  SCV  
  21  2:04  Barracks Reactor  
  21  2:08  SCV  
  22  2:19  Refinery  
  22  2:20  SCV  
  23  2:24  Factory  
  23  2:32  SCV  
  24  2:40  Marine x2  
  27  2:44  SCV  
  27  2:56  SCV  
  28  2:58  Marine x2  
  28  3:02  Orbital Command  
  30  3:09  Starport  
  30  3:10  SCV  
  31  3:22  SCV  
  31  3:25  Barracks Tech Lab, Hellion x2  
  36  3:28  SCV  
  37  3:34  Supply Depot  
  37  3:37  SCV  
  37  3:40  SCV  
  39  3:46  Hellion x2  
  43  3:49  SCV  
  43  3:52  SCV  
  39  4:06  Banshee, Cloaking Field  
  39  4:08  Hellion x2  
  45  4:16  Armory  
  43  4:19  SCV x2  
  46  4:32  Supply Depot  
  46  4:36  Hellion x2  
  49  4:41  SCV x2  
  51  4:51  Banshee  
  54  4:56  SCV  
  54  4:58  Supply Depot  
  55  5:01  SCV  
  55  5:02  Supply Depot  
  56  5:09  SCV  
  56  5:13  SCV  
  58  5:21  SCV  
  59  5:23  Hellion x2  
  59  5:25  SCV  
  61  5:33  SCV  
  56  5:37  Command Center, SCV  
  53  5:45  SCV  
  53  5:46  Liberator  
  53  5:48  Liberator  
  53  5:49  SCV  
  57  5:56  Barracks Tech Lab  
  57  5:57  SCV, Refinery x2  
  53  6:00  Engineering Bay, Barracks  
  53  6:02  Engineering Bay, Barracks  
  58  6:08  SCV  
  58  6:09  SCV  
  62  6:21  Siege Tank  
  62  6:22  Marine  
  62  6:24  SCV, Stimpack  
  67  6:30  SCV  
  67  6:31  Terran Infantry Weapons Level 1, Terran Infantry Armor Level 1  
  68  6:35  Supply Depot  
  68  6:39  Marine  
  69  6:56  SCV x2  
  69  6:57  Marine, Orbital Command  
  69  7:00  Barracks Reactor x2  
  72  7:02  Siege Tank  
  72  7:03  Barracks x2  
  72  7:04  Medivac  
  77  7:13  Supply Depot  
  77  7:15  Marine  
  77  7:18  Orbital Command  
  80  7:31  Liberator x2  
  80  7:33  Marine  
  80  7:34  Siege Tank  
  80  7:35  Supply Depot  
  80  7:36  Supply Depot  
  84  7:37  Command Center  
  84  7:39  Marine x4  
  88  7:51  Missile Turret, Marine  
  92  7:52  Missile Turret  
  92  7:54  Barracks Reactor  
  92  7:55  Missile Turret  
  92  7:56  Barracks Reactor  
  92  7:57  Marine x3  
  92  7:58  Marine  
  91  8:09  Marine  
  92  8:14  Marine  
  92  8:15  Marine x3  
  96  8:21  Missile Turret  
  96  8:26  Marine  
  97  8:27  Siege Tank  
  97  8:31  Medivac, Marine x2  
  97  8:32  Marine x2  
  97  8:33  Marine x2  
  108  8:35  Liberator  
  108  8:38  Marine x2  
  110  8:44  Marine  
  110  8:49  SCV, Marine x2  
  110  8:50  Marine x2  
  110  8:51  Marine x2  
  118  8:56  Marine x2  
  118  9:00  Supply Depot, Terran Infantry Armor Level 2  
  118  9:02  Marine  
  121  9:05  Terran Infantry Weapons Level 2  
  121  9:07  SCV x2, Marine x2  
  121  9:09  SCV  
  126  9:13  Marine x4  
  126  9:14  Marine  
  131  9:19  Planetary Fortress  
  131  9:21  Liberator  
  131  9:23  Marine x2  
  133  9:24  Marine  
  133  9:25  Marine  
  133  9:30  Marine x2  
  133  9:31  Combat Shields, Marine  
  138  9:32  Missile Turret  
  138  9:35  SCV  
  138  9:36  SCV x2  
  142  9:42  Refinery  
  142  9:43  Refinery  
  142  9:45  Missile Turret  
  142  9:48  SCV x2  
  144  9:57  Marine x4  
  144  9:59  Marine  
  148  10:04  Barracks  
  148  10:07  Missile Turret  
  148  10:08  Barracks, Marine x3  
  148  10:09  Starport, Marine  
  148  10:10  Factory Reactor  
  142  10:15  Marine x3  
  142  10:18  Marine x2  
  142  10:19  Medivac  
  142  10:21  Medivac  
  133  10:27  Marine x3, Marauder  
  124  10:33  Marine x3  
  108  10:36  Marine x2  
  107  10:44  Orbital Command  
  107  10:45  Marine x3  
  107  10:48  SCV  
  107  10:49  Medivac  
  113  10:50  Marine x2  
  113  10:51  Marine  
  113  10:53  Marine  
  110  10:59  Marine x2  
  110  11:00  SCV  
  110  11:02  Medivac  
  110  11:03  Marine x2  
  113  11:09  Marine x3  
  113  11:10  Marine  
  117  11:13  SCV  
  118  11:25  Marine x3  
  116  11:26  Marauder  
  116  11:27  Barracks Tech Lab  
  120  11:35  Terran Infantry Weapons Level 3  
  120  11:37  SCV  
  120  11:38  SCV  
  122  11:42  Marauder, Marine  
  122  11:44  Marine x2  
  122  11:45  Marine x2  
  131  11:47  Marauder  
  131  11:49  SCV  
  132  12:01  SCV  
  133  12:03  Terran Infantry Armor Level 3  
  133  12:05  Marine  
  133  12:06  Marauder, Marine  
  137  12:12  Marine  
  137  12:13  Marauder x2, Marine  
  143  12:16  Medivac x2  
  143  12:17  Factory Tech Lab  
  143  12:18  Supply Depot  
  143  12:19  Supply Depot, SCV  
  145  12:31  SCV  
  145  12:39  Marauder, Marine x3  
  145  12:40  Marauder x2  
  145  12:42  Marine x2  
  145  12:44  Marine x2  
  154  12:45  Siege Tank  
  154  12:49  SCV  
  154  12:50  Refinery x2  
  158  12:59  Medivac x2  
  158  13:01  Marauder  
  164  13:07  SCV, Marauder, Marine x2  
  164  13:10  Supply Depot  
  164  13:11  Marauder, Marine  
  172  13:24  Supply Depot  
  172  13:31  Marine x4  
  172  13:32  Marauder x2  
  180  13:39  Supply Depot  
  180  13:42  Marauder, Siege Tank, Marine x3  
  180  13:44  Supply Depot  
  180  13:45  Marine  
  189  13:53  Marauder x2  
  193  13:56  Marine x2  
  188  14:04  Marauder  
  168  14:12  Marine  
  168  14:14  Marauder x2, Siege Tank, Medivac x2  
  168  14:16  Marine x7  
  176  14:24  Marine  
  176  14:30  Marine  
  158  14:34  Marine x4  
  158  14:36  Marauder x2, Marine x2  
  158  14:37  Marine  
  149  14:43  Marauder  
  149  14:44  Medivac  
  152  14:48  Siege Tank, Marine  
  152  14:49  Medivac  
  152  14:51  Marine x2  
  152  14:52  Marine  
  161  14:57  Marauder x2, Marine x2  
  167  15:04  Marauder  
  165  15:11  Marine x2  
  165  15:13  Marine x2  
  169  15:19  Marine, Marauder x2  
  169  15:21  Siege Tank  
  177  15:23  Marine  
  177  15:26  Marauder  
  171  15:31  Marine x2  
  171  15:32  Marine  
  171  15:34  Marine  
Tags
 
Add a new tag
Caveats
  • Supply blocks, unpowered buildings, or Contaminate may cause inaccurate times.
  • Supply counts are checked every 10 seconds.